 Dungeon Crawl Stone Soup version 0.23.2-1-ga50397a (webtiles) character file.

Game seed: 15278089124824656086

25 MalarOregon the Ruffian (level 3, -1/30 HPs)
             Began as a Ghoul Warper on June 2, 2019.
             Slain by an adder (4 damage)
             ... on level 2 of the Dungeon.
             The game lasted 00:01:19 (993 turns).

MalarOregon the Ruffian (Ghoul Warper)               Turns: 993, Time: 00:01:20

Health: -1/30      AC:  3    Str: 14    XL:     3   Next: 6%
Magic:  5/5        EV: 11    Int:  9    God:
Gold:   80         SH:  0    Dex:  8    Spells: 6/6 levels left

rFire    . . .     SeeInvis .     - Unarmed
rCold    + . .     Gourm    .   (no shield)
rNeg     + + +     Faith    .   a - +0 leather armour
rPois    ∞         Spirit   .   (no helmet)
rElec    .         Reflect  .   (no cloak)
rCorr    .         Harm     .   (no gloves)
MR       .....                  (no boots)
Stlth    +.........             (no amulet)
HPRegen  0.00/turn              (no ring)
MPRegen  0.09/turn              (no ring)

@: rotting
A: rotting body, claws 1, carnivore, cold resistance 1, negative energy
resistance 3, inhibited regeneration, torment resistance, unbreathing
a: no special abilities


You were on level 2 of the Dungeon.
You were not hungry.

You visited 1 branch of the dungeon, and saw 2 of its levels.

You collected 80 gold pieces.

Inventory:

Missiles
 d - 5 tomahawks of dispersal (quivered) {!f}
Armour
 a - a +0 leather armour (worn)
Scrolls
 b - a scroll of remove curse {unknown}
 c - a scroll of blinking
 h - a scroll of magic mapping {unknown}
 j - a scroll of identify {unknown}
 l - a scroll of random uselessness {unknown}
 n - a scroll of fear {unknown}
Potions
 f - 3 potions of curing {unknown}
 g - a potion of cancellation {unknown}
 k - 2 potions of flight {unknown}
 m - a potion of degeneration {unknown}
Comestibles
 e - 3 rations {!d}


   Skills:
 + Level 2.5 Fighting
 - Level 1.0 Throwing
 - Level 1.0 Armour
 - Level 2.0 Dodging
 + Level 1.1 Stealth
 * Level 2.7 Unarmed Combat
 - Level 2.0 Spellcasting
   Level 2.6 Translocations


You had 6 spell levels left.
You didn't know any spells.
Your spell library contained the following spells:

 Spells                   Type           Power        Failure   Level  Hunger
 Blink                    Tloc           N/A          21%         2    ###....
 Shroud of Golubria       Chrm/Tloc      #.........   34%         2    ###....
 Gell's Gravitas          Tloc           #.........   38%         3    ####...
 Lesser Beckoning         Tloc           #.........   38%         3    ####...
 Teleport Other           Tloc           #.......     38%         3    ####...
 Passage of Golubria      Tloc           N/A          80%         4    #####..


Dungeon Overview and Level Annotations

Branches:
Dungeon (2/15)

Altars:


Innate Abilities, Weirdness & Mutations

Your body is rotting away.
You thrive on raw meat.
You are immune to poison.
You have sharp fingernails.
You are carnivorous and can eat meat at any time.
Your flesh is cold resistant. (rC+)
You are immune to negative energy. (rN+++)
You do not regenerate when monsters are visible.
You are immune to unholy pain and torment.
You can survive without breathing.


Message History

A quokka is nearby!
The quokka bites you.
You scratch the quokka.
The quokka bites you but does no damage.
You closely miss the quokka. The quokka closely misses you.
The quokka bites you.
You barely miss the quokka. The quokka bites you.
You barely miss the quokka.
The quokka bites you but does no damage.
You scratch the quokka.
You kill the quokka!
Training target 2.0 for Dodging reached!
Training target 2.0 for Spellcasting reached!
Your Dodging skill increases to level 2!
Your Spellcasting skill increases to level 2!
e - 3 rations {!d} (gained 1)
Found 6 gold pieces.
You now have 74 gold pieces (gained 6).
Found 6 gold pieces.
Found a stone staircase leading up.
You now have 80 gold pieces (gained 6).
An adder comes into view.
Found a falchion.
The adder bites you.
You closely miss the adder. The adder bites you.
You miss the adder. The adder bites you.
You closely miss the adder. The adder closely misses you. The adder misses you.
You closely miss the adder. The adder closely misses you.
You closely miss the adder. The adder bites you.
You closely miss the adder. The adder bites you. The adder closely misses you.
You barely miss the adder. The adder closely misses you.
You scratch the adder. The adder closely misses you.
You scratch the adder. The adder bites you.
* * * LOW HITPOINT WARNING * * *
You scratch the adder. The adder bites you but does no damage.
You scratch the adder but do no damage. The adder bites you.
* * * LOW HITPOINT WARNING * * *
The adder closely misses you.
You barely miss the adder. The adder bites you.
* * * LOW HITPOINT WARNING * * *
You barely miss the adder. The adder bites you but does no damage.
You barely miss the adder. The adder bites you.
* * * LOW HITPOINT WARNING * * *
Eat a chunk of flesh? (ye/n/q)
You eat the chunk of flesh.
This raw flesh tastes great!
The adder bites you.
* * * LOW HITPOINT WARNING * * *
You miss the adder. The adder bites you.
* * * LOW HITPOINT WARNING * * *
The adder bites you.
You die...

... ... .. ..
..#.. .). ...
#.# #S#
.##.##@######
.............#
..##########.#
########.##
..........#
.#######..#
#..#
.#####..#######
.........<....#


You could see an adder.

Vanquished Creatures
  An ooze (D:1)
  A giant cockroach (D:1)
  5 goblins
  2 hobgoblins (D:1)
  A quokka (D:2)
  A ball python (D:2)
  3 bats (D:1)
  3 frilled lizards (D:1)
  3 kobolds
  A rat (D:1)
21 creatures vanquished.

Notes
Turn   | Place    | Note
-------+----------+-------------------------------------------
     0 | D:1      | MalarOregon the Ghoul Warper began the quest for the Orb.
     0 | D:1      | Reached XP level 1. HP: 17/17 MP: 2/2
   202 | D:1      | Reached skill level 1 in Throwing
   273 | D:1      | Reached skill level 1 in Armour
   317 | D:1      | Reached XP level 2. HP: 24/24 MP: 3/3
   533 | D:1      | Reached skill level 1 in Stealth
   878 | D:2      | Reached XP level 3. HP: 29/29 MP: 4/4
   993 | D:2      | Slain by an adder

Skill      XL: |  1  2  3 |
---------------+----------+-----
Throwing       | 1 |  1.0
Armour         | 1 |  1.0
Stealth        | 1 |  1.1
Dodging        | 2 |  2.0
Spellcasting   | 2 |  2.0
Fighting       | |  2.5
Unarmed Combat | |  2.7
Translocations | |  2.6

Action                   || total
-------------------------++-------
Melee: Unarmed           ||    95
  Eat: Chunk             ||     3
Armor: Leather armour    ||    37
Dodge: Dodged            ||    76
